 Dungeon Crawl Stone Soup version 0.31-a0-963-ga325b2283a (webtiles) character file.

Game seed: 2732588969678377786

2805 IdlyInterested the Blocker (level 9, -7/69 HPs)
             Began as a Demonspawn Fighter on Oct 25, 2023.
             Mangled by SkeletorGaming's ghost (10 damage)
             ... on level 6 of the Dungeon.
             The game lasted 00:26:19 (5974 turns).

IdlyInterested the Blocker (Demonspawn Fighter)     Turns: 5974, Time: 00:26:20

Health: -7/69      AC: 12    Str: 23    XL:     9   Next: 44%
Magic:  9/9        EV: 12    Int: 11    God:
Gold:   440        SH:  8    Dex: 18    Spells: 8/8 levels left

rFire   + . .        S - +8 mace of the King {protect, rF- Str+3 SInv}
rCold   . . .        b - +1 buckler
rNeg    . . .        Q - +1 robe {rF+}
rPois   .            f - +0 helmet
rElec   .            j - +0 cloak
rCorr   .            (no gloves)
SInv    +            (no boots)
Will    .....        (no amulet)
Stlth   ++           r - +6 ring of dexterity
HPRegen 0.31/turn    P - ring of protection from fire
MPRegen 0.11/turn

%: no passive effects
@: mighty, lethally poisoned (-7 -> -15), under a protective aura
A: demonic guardian 1, powered by death 1, weakness stinger 2
a: no special abilities


You were on level 6 of the Dungeon.
You visited 2 branches of the dungeon, and saw 7 of its levels.
You also visited: Sewer and Ossuary.

You collected 440 gold pieces.

Inventory:

Hand Weapons
 g - a +0 dagger
 i - a +1 whip of freezing
 o - a +0 heavy rapier
 A - a +0 flail
 B - a +0 spear
 L - a +0 dagger of venom
 M - a +0 falchion
 S - the +8 mace of the King (weapon) {protect, rF- Str+3 SInv}
   (You found it on level 5 of the Dungeon)

   Str+3:     It affects your strength (+3).
   rF-:       It makes you vulnerable to fire.
   SInv:      It lets you see invisible.
 X - a +0 rapier
Missiles
 h - 74 stones (quivered)
 q - 5 poisoned darts
 w - 4 boomerangs
 T - a throwing net
 Y - 3 darts of dispersal
Armour
 a - a +0 scale mail
 b - a +1 buckler (worn)
 f - a +0 helmet (worn)
 j - a +0 cloak (worn)
 Q - a +1 robe of fire resistance (worn)
Magical Staves
 u - a staff of death
Jewellery
 k - a +6 ring of intelligence
 r - a +6 ring of dexterity (left hand)
 t - an amulet of magic regeneration
 y - an amulet of faith
 P - a ring of protection from fire (right hand)
Talismans
 s - a beast talisman
 x - a serpent talisman
 z - a flux talisman
 I - a blade talisman
Wands
 e - a wand of digging (6)
 J - a wand of quicksilver (18)
 V - a wand of charming (3)
Scrolls
 n - 3 scrolls of fear
 v - 4 scrolls of enchant weapon
 D - a scroll of revelation
 E - 2 scrolls of vulnerability
 F - 2 scrolls of fog
 K - 3 scrolls of teleportation
 N - a scroll of enchant armour
 U - a scroll of summoning
Potions
 c - 3 potions of might
 d - a potion of enlightenment
 l - a potion of curing
 m - a potion of attraction
 p - a potion of lignification {unknown}
 C - a potion of brilliance {unknown}
 G - a potion of mutation {unknown}
 H - a potion of invisibility {unknown}
 O - a potion of berserk rage {unknown}
 W - a potion of resistance {unknown}
 Z - a potion of ambrosia {unknown}


   Skills:
 + Level 5.9 Fighting
 - Level 2.0 Throwing
 - Level 3.0 Armour
 - Level 2.0 Dodging
 - Level 2.0 Stealth
 * Level 10.1 Shields
 - Level 1.7 Unarmed Combat
 - Level 2.0 Evocations
 - Level 2.0 Shapeshifting


You had 8 spell levels left.
You didn't know any spells.
Your spell library contained the following spells:

 Spells                   Type           Power      Damage    Failure   Level
 Kiss of Death            Conj/Necr      0%         2d5       38%         1
 Confusing Touch          Hex            0%         N/A       77%         3
 Dispel Undead            Necr           0%         3d6       99%         4


Dungeon Overview and Level Annotations

Branches:
Dungeon (6/15)             Temple (1/1) D:6           Sewer (visited)
Ossuary (visited)

Altars:
Ashenzari
Dithmenos
Gozag
Kikubaaqudgha
Makhleb
Nemelex Xobeh
Okawaru
Qazlal
Ru
Uskayaw
Wu Jian
Xom
Yredelemnul

Annotations:
D:6 SkeletorGaming's ghost, novice FoFi; pokeman's ghost, novice DEHW


Innate Abilities, Weirdness & Mutations

A weak demonic guardian rushes to your aid.
You regenerate a little health from kills.
You have a tail ending in a sharp stinger.


Message History

Pokeman's ghost says, "Watch and be amazed!"
You block scionoferis's ghost's attack.
You block SkeletorGaming's ghost's attack.
You closely miss scionoferis's ghost. You tail-slap scionoferis's ghost!
Scionoferis's ghost is almost destroyed.
You block scionoferis's ghost's attack. SkeletorGaming's ghost hits you!
SkeletorGaming's ghost freezes you.
A demonic guardian appears!
Unknown command.
You sock scionoferis's ghost!
Your tail-slap misses scionoferis's ghost.
Scionoferis's ghost is almost destroyed.
Scionoferis's ghost hits you. SkeletorGaming's ghost hits you!
* * * LOW HITPOINT WARNING * * *
SkeletorGaming's ghost freezes you.
* * * LOW HITPOINT WARNING * * *
Scionoferis's ghost closely misses you. SkeletorGaming's ghost misses you.
You feel better.
Your shadow imp hits scionoferis's ghost.
Scionoferis's ghost is destroyed!
Your Shields skill increases to level 10!
You sock SkeletorGaming's ghost!
Your tail-slap misses SkeletorGaming's ghost.
SkeletorGaming's ghost is lightly damaged.
Your shadow imp barely misses SkeletorGaming's ghost.
SkeletorGaming's ghost misses you.
You bludgeon SkeletorGaming's ghost!!
Your tail-slap misses SkeletorGaming's ghost.
SkeletorGaming's ghost is heavily damaged.
Your shadow imp closely misses SkeletorGaming's ghost.
Pokeman's ghost hits you.
You are poisoned.
You block SkeletorGaming's ghost's attack.
Your shadow imp hits SkeletorGaming's ghost but does no damage.
You closely miss SkeletorGaming's ghost.
SkeletorGaming's ghost is heavily damaged.
You feel very sick. SkeletorGaming's ghost hits you!!
* * * LOW HITPOINT WARNING * * *
SkeletorGaming's ghost freezes you!
You die...

....###........#### ###..........
.......<......##(!8.)##..........
.............##8.....8##.........
........[....#$.......[#.........
.............#♣.......♣#......##.
#.#..........#⌠.......⌠#......###
.#.#.........#♣.......♣#.[.....##
#.#.#........####W''####.......##
.>.#............@W....##.........
#.#.#.......#....5....##.........
.#.#.......###.......###.........
#.#...#..#.####..##..# #.........
.........#.##....###.###........#
#.............#......##....##.##.
.##..........###........##.####..
.#.........### ###..........##..#
............# ###.........##...#


You could see SkeletorGaming's ghost (ally target), pokeman's ghost and a
friendly shadow imp (summoned).

Vanquished Creatures
  The ghost of Thrassey the Conjurer, a novice DsCj of Vehumet (D:5)
  Sigmund (D:5)
  Eustachio (D:6)
  Pargi (Sewer)
  A black bear (D:6)
  2 ogres
  2 phantoms (D:6)
  An elf zombie (Ossuary)
  A bullfrog (D:6)
  A scorpion (D:5)
  A howler monkey (D:4)
  A hound (D:5)
  2 centaur zombies (Ossuary)
  3 orc priests
  4 jellies
  A gnoll bouda (D:6)
  2 human zombies (Ossuary)
  5 iguanas
  A sleepcap (D:5)
  An orc wizard (D:5)
  A hound zombie (Ossuary)
  3 mummies (Ossuary)
  6 adders
  11 gnolls
  2 adder zombies (Ossuary)
  A worm (D:3)
  2 dart slugs (D:1)
  7 orcs
  3 ball pythons
  4 endoplasms
  5 giant cockroaches
  4 gnoll zombies (Ossuary)
  5 goblins
  8 hobgoblins
  3 jackals (D:1)
  9 kobolds
  4 quokkas
  5 bats
  8 frilled lizards
  3 goblin zombies (Ossuary)
  2 hobgoblin zombies (Ossuary)
  3 jackal zombies (Ossuary)
  4 kobold zombies (Ossuary)
  3 orc zombies (Ossuary)
  2 quokka zombies (Ossuary)
  5 rats
  6 rat zombies (Ossuary)
152 creatures vanquished.

Vanquished Creatures (collateral kills)
  The ghost of scionoferis the Cleaver, a novice MiCK of Xom (D:6)
  An orc wizard (D:5)
  A gnoll (D:4)
  A worm (D:5)
  An orc (D:5)
  2 goblins (D:1)
  A hobgoblin (D:1)
8 creatures vanquished.

Grand Total: 160 creatures vanquished

Notes
Turn   | Place    | Note
-------+----------+-------------------------------------------
     0 | D:1      | IdlyInterested the Demonspawn Fighter began the quest for
                  | the Orb.
     0 | D:1      | Reached XP level 1. HP: 18/18 MP: 1/1
    95 | D:1      | Reached skill level 1 in Throwing
    95 | D:1      | Gained mutation: A weak demonic guardian rushes to your
                  | aid. [demonic ancestry]
    95 | D:1      | Reached XP level 2. HP: 24/24 MP: 2/2
   213 | D:1      | Reached skill level 1 in Dodging
   291 | D:1      | Reached skill level 1 in Stealth
   462 | D:1      | Gained mutation: You have a small tail. [demonic ancestry]
   462 | D:1      | Reached XP level 3. HP: 29/29 MP: 3/3
   727 | D:1      | Reached skill level 1 in Evocations
   925 | D:1      | Found a faded altar of an unknown god.
  1140 | D:2      | Reached skill level 1 in Shapeshifting
  1634 | D:3      | Noticed a +0 spear
  1634 | D:3      | Noticed a +0 falchion
  1635 | D:3      | Noticed a +0 dagger
  1635 | D:3      | Noticed a +0 dagger
  1636 | D:3      | Noticed a +0 short sword
  1636 | D:3      | Noticed a +0 short sword
  1637 | D:3      | Noticed a +0 spear
  1663 | D:3      | Found a hide-covered altar of Uskayaw.
  1665 | D:3      | Noticed a +0 falchion
  1685 | D:3      | You fall into a shaft and drop 2 floors!
  1685 | D:5      | Entered Level 5 of the Dungeon
  1746 | D:5      | Found a glowing drain.
  1763 | Sewer    | Entered a sewer
  1823 | Sewer    | Noticed Pargi
  1834 | Sewer    | Killed Pargi
  1835 | Sewer    | Reached skill level 3 in Shields
  1835 | Sewer    | Reached XP level 4. HP: 20/37 MP: 4/4
  1835 | Sewer    | Gained mutation: You regenerate a little health from kills.
                  | [demonic ancestry]
  1835 | Sewer    | Reached XP level 5. HP: 23/42 MP: 5/5
  2004 | D:4      | Reached skill level 4 in Shields
  2241 | D:4      | Found a burning altar of Makhleb.
  2289 | D:4      | Found a sand-covered staircase.
  2298 | Ossuary  | Entered an ossuary
  2317 | Ossuary  | Reached XP level 6. HP: 47/48 MP: 6/6
  2460 | Ossuary  | Reached skill level 5 in Shields
  2651 | Ossuary  | Gained mutation: You have a tail ending in a sharp stinger.
                  | [demonic ancestry]
  2651 | Ossuary  | Reached XP level 7. HP: 51/54 MP: 7/7
  3614 | D:4      | Reached skill level 6 in Shields
  4215 | D:5      | Noticed Sigmund
  4226 | D:5      | Killed Sigmund
  4227 | D:5      | Reached skill level 7 in Shields
  4227 | D:5      | Reached XP level 8. HP: 38/60 MP: 8/8
  4313 | D:5      | Identified the +8 mace of the King {protect, rF- Str+3
                  | SInv}
  4472 | D:5      | Found an iron altar of Okawaru.
  4798 | D:5      | Found a runed translucent gate.
  4799 | D:5      | Found a runed translucent gate.
  4799 | D:5      | Found a runed translucent gate.
  4800 | D:5      | Noticed Thrassey's ghost (novice DsCj)
  4933 | D:5      | Killed Thrassey's ghost
  4934 | D:5      | Reached skill level 8 in Shields
  5127 | D:6      | Found a staircase to the Ecumenical Temple.
  5196 | D:6      | Found a runed translucent gate.
  5198 | D:6      | Found a runed translucent gate.
  5222 | Temple   | Entered the Ecumenical Temple
  5342 | D:6      | Noticed Eustachio
  5364 | D:6      | Reached skill level 9 in Shields
  5370 | D:6      | Reached XP level 9. HP: 61/67 MP: 9/9
  5375 | D:6      | Killed Eustachio
  5376 | D:6      | Reached skill level 5 in Fighting
  5680 | D:6      | Found a runed translucent gate.
  5680 | D:6      | Noticed pokeman's ghost (novice DEHW)
  5680 | D:6      | Noticed scionoferis's ghost (novice MiCK)
  5681 | D:6      | Noticed SkeletorGaming's ghost (novice FoFi)
  5971 | D:6      | Killed scionoferis's ghost
  5972 | D:6      | Reached skill level 10 in Shields
  5974 | D:6      | HP: 3/69 [SkeletorGaming's ghost (20)]
  5974 | D:6      | Mangled by SkeletorGaming's ghost

Illustrated notes

Levels and vault maps discovered:
D:1:      minmay_arrival_five_plusses, layout_loops_ring,
          dilly_ecumenical_altar_fadedgnrine, minmay_vboxes
D:2:      layout_rooms, basic_altar
D:3:      layout_basic, nicolae_uskayaw_en_pointe
D:4:      layout_loops_ring, bloody_makhleb, chequers_ossuary_entry_cave,
          nrook_mini_backslash, chequers_arboretum, patterned_corridor
D:5:      layout_loops_ring, okawaru_trees_1, ebering_ghost_rock_garden,
          cheibrodos_sewer_entry_bend, grunt_ministairs_7, uniq_sigmund
D:6:      layout_cave_pools, minmay_temple_entry_grid, gammafunk_ghost_cemetery,
          minivault_26, uniq_eustachio
Temple:   chequers_temple_sunken

Skill      XL: |  1  2  3  4  5  6  7  8  9 |
---------------+----------------------------+-----
Armour         | 3 |  3.0
Throwing       | 1 2 |  2.0
Dodging        | 1 2 |  2.0
Stealth        | 1 2 |  2.0
Evocations     | 1 2 |  2.0
Shapeshifting  | 1 2 |  2.0
Shields        | 3 4 5 7 9 10 | 10.1
Fighting       | 4 5 |  5.9
Unarmed Combat | |  1.7

Action                     |  1- 3 |  4- 6 |  7- 9 || total
---------------------------+-------+-------+-------++-------
  Melee: Unarmed           |   168 |       |       ||   168
         Mace              |    39 |   214 |   232 ||   485
         Tailslap          |    11 |    28 |    44 ||    83
  Throw: Stone             |     3 |     3 |     8 ||    14
         Dart              |       |       |     3 ||     3
  Evoke: Wand              |       |       |     2 ||     2
    Use: Scroll            |     7 |     3 |     1 ||    11
         Potion            |       |       |     5 ||     5
   Stab: Sleeping          |       |       |     2 ||     2
 Armour: Scale mail        |   151 |   156 |    75 ||   382
         Robe              |       |       |    69 ||    69
  Dodge: Dodged            |   109 |    98 |   120 ||   327
  Block: Buckler           |    50 |    64 |    79 ||   193

Table legend: (Time is in decaauts)
 A = Elapsed time spent in this place.
 B = Non-inter-level travel time spent in this place.
 C = Inter-level travel time spent in this place.
 D = Time resting spent in this place.
 E = Time spent auto-exploring this place.
 F = Levels seen in this place.
 G = Mean time per level.
                   A        B        C        D        E       F      G
               +--------+--------+--------+--------+--------+-----+--------+
         Total |   6214 |   5458 |    756 |    463 |   2315 |   9 |  690.4 |
       Dungeon |   5540 |   4784 |    756 |    463 |   2274 |   6 |  923.3 |
        Temple |     65 |     65 |      0 |      0 |      0 |   1 |   65.0 |
         Sewer |    167 |    167 |      0 |      0 |      0 |   1 |  167.0 |
       Ossuary |    441 |    441 |      0 |      0 |     41 |   1 |  441.0 |
               +--------+--------+--------+--------+--------+-----+--------+

Top non-repeatable levels by time:
     D:5: 1445 daAuts
     D:1: 1183 daAuts
     D:4: 1034 daAuts
     D:3: 709 daAuts
     D:6: 642 daAuts
     D:2: 523 daAuts
 Ossuary: 441 daAuts
   Sewer: 167 daAuts
  Temple: 65 daAuts
